Map: [ESL] Cosmic Sapphire

Players

Gerald

  • Race: Protoss Protoss
  • League: Master
  • Spawn Location: 5:00

Neeb - Winner!

  • Race: Protoss Protoss
  • League: Master
  • Spawn Location: 11:00

Event: TSL 9

VOD

Have the link to the VOD?

Description

Time

  • Played on: July 30, 2022, 11:06 a.m.
  • Length: 14:19
Show
View Real Time Build Order
Export as new Build Order

Gerald Protoss 

Build Orders: Oracle Opening 

Get SALT Encoding   

  12  0:00  Probe  
  13  0:12  Probe  
  14  0:23  Pylon  
  14  0:25  Probe  
  15  0:41  Probe (Chrono Boost), Gateway  
  16  0:45  Assimilator  
  17  0:51  Probe (Chrono Boost)  
  17  0:52  Assimilator  
  17  0:56  Probe (Chrono Boost)  
  18  1:07  Probe (Chrono Boost)  
  18  1:11  Gateway  
  19  1:15  Probe (Chrono Boost)  
  20  1:22  Probe  
  21  1:29  Cybernetics Core  
  21  1:34  Probe  
  21  1:36  Pylon  
  22  1:42  Pylon  
  22  1:46  Probe  
  23  2:00  Probe, Pylon  
  24  2:08  Stalker x2  
  24  2:14  Probe  
  29  2:17  Pylon  
  29  2:26  Probe  
  29  2:33  Stargate  
  29  2:38  Probe  
  30  2:44  Pylon  
  30  2:56  Probe  
  31  3:03  Nexus  
  31  3:08  Warp Gate, Probe  
  32  3:14  Oracle (Chrono Boost)  
  35  3:21  Probe  
  36  3:33  Probe  
  37  3:42  Pylon  
  37  3:45  Probe  
  38  3:49  Twilight Council  
  38  3:57  Oracle (Chrono Boost), Probe  
  42  4:09  Probe  
  43  4:16  Probe  
  44  4:18  Blink (Chrono Boost)  
  44  4:21  Probe  
  45  4:28  Probe  
  46  4:32  Pylon  
  46  4:33  Probe  
  47  4:40  Probe  
  47  4:44  Gateway  
  49  4:45  Probe  
  50  4:53  Gateway  
  50  4:55  Assimilator  
  50  4:56  Gateway  
  50  4:57  Stalker  
  50  4:59  Stalker  
  53  5:07  Probe x2  
  55  5:11  Dark Shrine  
  55  5:19  Probe x2  
  57  5:28  Stalker x2  
  59  5:31  Probe, Pylon  
  62  5:38  Nexus  
  62  5:40  Probe  
  63  5:43  Probe  
  63  5:48  Stalker  
  63  5:49  Stalker  
  68  5:51  Forge  
  68  5:53  Stalker  
  70  6:01  Stalker x2  
  74  6:05  Robotics Facility  
  74  6:14  Stalker x2  
  74  6:16  Probe  
  74  6:17  Probe  
  77  6:22  Protoss Ground Weapons Level 1 (Chrono Boost)  
  77  6:28  Pylon  
  77  6:39  Probe  
  78  6:42  Pylon  
  79  6:47  Stalker x2  
  79  6:48  Probe (Chrono Boost), Stalker  
  79  6:52  Probe (Chrono Boost)  
  79  6:53  Assimilator  
  86  6:54  Probe (Chrono Boost)  
  86  6:58  Observer (Chrono Boost)  
  90  7:03  Probe (Chrono Boost)  
  90  7:04  Probe (Chrono Boost)  
  84  7:09  Stalker x2  
  84  7:10  Probe  
  84  7:11  Probe  
  84  7:12  Probe  
  89  7:23  Probe x2, Gateway  
  89  7:24  Probe  
  89  7:25  Gateway x2  
  92  7:30  Gateway  
  92  7:35  Probe  
  92  7:36  Stalker x3, Pylon  
  99  7:38  Observer  
  100  7:46  Stalker  
  100  7:47  Stalker  
  103  7:51  Gateway  
  103  7:55  Pylon  
  103  7:59  Gateway  
  100  8:06  Photon Cannon  
  100  8:10  Adept x2  
  101  8:15  Nexus  
  101  8:16  Probe x2  
  101  8:18  Pylon  
  103  8:22  Stalker x2  
  103  8:23  Protoss Ground Weapons Level 2 (Chrono Boost)  
  107  8:29  Probe  
  108  8:38  Stalker x2  
  108  8:40  Pylon  
  112  8:43  Photon Cannon  
  75  8:48  Charge  
  112  8:49  Stalker x2  
  112  8:56  Stalker x2  
  90  9:14  Probe  
  90  9:15  Stalker x4  
  90  9:16  Probe  
  90  9:21  Observer  
  90  9:22  Probe  
  91  9:25  Gateway  
  91  9:26  Probe  
  91  9:28  Observer  
  91  9:30  Probe  
  93  9:32  Photon Cannon, Probe  
  93  9:34  Probe  
  93  9:37  Stalker x2  
  99  9:38  Probe  
  99  9:41  Immortal (Chrono Boost)  
  99  9:45  Stalker  
  106  9:46  Stalker  
  106  9:52  Zealot x3  
  114  9:54  Shield Battery  
  114  9:57  Pylon  
  114  9:59  Stalker  
  116  10:03  Stalker x2  
  120  10:09  Zealot x3  
  120  10:15  Observer (Chrono Boost)  
  120  10:16  Zealot x2  
  119  10:25  Stalker  
  119  10:26  Stalker  
  122  10:33  Pylon  
  122  10:35  Stalker x4, Assimilator  
  129  10:45  Protoss Ground Weapons Level 3 (Chrono Boost)  
  129  10:47  Zealot x2  
  133  10:52  Nexus, Robotics Bay  
  133  10:55  Pylon  
  133  10:57  Assimilator  
  133  10:58  Zealot x3  
  133  10:59  Zealot, Pylon  
  141  11:06  Zealot  
  141  11:07  Zealot x2  
  141  11:09  Pylon  
  146  11:13  Pylon  
  146  11:15  Pylon  
  146  11:16  Photon Cannon  
  146  11:24  Zealot, Observer  
  146  11:25  Zealot x5  
  148  11:31  Zealot x3  
  132  11:35  Stalker x2  
  132  11:39  Disruptor  
  134  11:46  Stalker x3  
  143  11:50  Zealot x3  
  143  11:53  Zealot  
  147  12:01  Zealot x4  
  153  12:13  Photon Cannon  
  153  12:15  Disruptor (Chrono Boost)  
  150  12:16  Probe (Chrono Boost)  
  150  12:18  Probe (Chrono Boost)  
  150  12:22  Probe x2 (Chrono Boost)  
  156  12:26  Probe (Chrono Boost)  
  156  12:27  Probe (Chrono Boost)  
  156  12:29  Probe x3 (Chrono Boost)  
  161  12:31  Photon Cannon  
  161  12:32  Probe, Pylon  
  161  12:34  Robotics Facility  
  161  12:36  Probe  
  161  12:40  Probe  
  160  12:51  Zealot x5  
  164  12:54  Pylon  
  164  12:55  Pylon  
  164  12:57  Dark Shrine  
  164  12:58  Zealot x4, Pylon  
  154  13:04  Zealot x2  
  128  13:13  Zealot x4  
  112  13:21  Zealot x3  
  87  13:30  Stalker x3  
  87  13:39  Disruptor (Chrono Boost)  
  86  13:56  Stalker x5  
Show
View Real Time Build Order
Export as new Build Order

Neeb Protoss - Winner!

Build Orders: Phoenix Opening 

Get SALT Encoding   

  12  0:00  Probe  
  13  0:12  Probe  
  14  0:20  Pylon  
  14  0:24  Probe  
  15  0:38  Probe (Chrono Boost)  
  15  0:39  Gateway  
  16  0:47  Probe (Chrono Boost), Assimilator  
  17  0:52  Probe (Chrono Boost)  
  18  1:04  Probe (Chrono Boost)  
  18  1:05  Assimilator  
  18  1:10  Pylon  
  19  1:14  Probe (Chrono Boost)  
  20  1:19  Probe (Chrono Boost)  
  21  1:26  Cybernetics Core  
  21  1:30  Zealot, Probe  
  24  1:42  Probe  
  25  1:54  Probe  
  26  2:02  Warp Gate, Sentry (Chrono Boost)  
  26  2:07  Probe  
  29  2:09  Pylon  
  29  2:21  Pylon  
  30  2:24  Stalker  
  30  2:28  Phoenix  
  31  2:39  Nexus  
  31  2:43  Shield Battery  
  31  2:44  Probe  
  32  2:54  Stalker (Chrono Boost)  
  32  2:57  Gateway  
  34  3:00  Probe  
  35  3:10  Pylon  
  35  3:12  Probe  
  36  3:21  Stalker (Chrono Boost)  
  36  3:24  Probe  
  36  3:25  Pylon  
  39  3:36  Probe  
  39  3:39  Twilight Council  
  40  3:43  Shield Battery  
  40  3:48  Probe  
  40  3:51  Stalker  
  40  3:52  Probe  
  44  3:57  Sentry  
  44  4:00  Probe  
  47  4:05  Probe  
  48  4:13  Blink (Chrono Boost)  
  48  4:16  Probe (Chrono Boost)  
  48  4:17  Probe (Chrono Boost)  
  48  4:25  Sentry  
  48  4:26  Probe (Chrono Boost)  
  48  4:27  Stalker  
  48  4:28  Probe (Chrono Boost)  
  54  4:31  Probe (Chrono Boost)  
  54  4:37  Probe  
  56  4:43  Probe, Pylon  
  57  4:49  Probe, Stalker  
  60  4:55  Stalker  
  60  4:59  Pylon  
  62  5:00  Assimilator  
  62  5:01  Probe  
  62  5:03  Probe  
  62  5:05  Robotics Facility  
  64  5:12  Stalker  
  64  5:13  Probe  
  67  5:19  Gateway  
  67  5:21  Gateway  
  67  5:29  Dark Shrine, Probe x2  
  69  5:36  Stalker  
  69  5:42  Pylon  
  71  5:43  Stalker  
  71  5:45  Assimilator  
  71  5:49  Probe  
  74  5:52  Pylon  
  74  5:54  Observer  
  75  6:06  Nexus  
  75  6:12  Stalker x2  
  75  6:16  Probe  
  75  6:17  Probe  
  81  6:22  Pylon  
  81  6:25  Stalker x2  
  85  6:26  Forge  
  85  6:29  Probe  
  86  6:36  Probe  
  87  6:40  Stalker x2  
  87  6:42  Shield Battery, Probe  
  92  6:48  Probe (Chrono Boost)  
  92  6:50  Stalker x2  
  97  6:54  Protoss Ground Weapons Level 1 (Chrono Boost), Probe (Chrono Boost)  
  97  7:00  Probe (Chrono Boost)  
  99  7:05  Probe (Chrono Boost)  
  99  7:08  Probe (Chrono Boost)  
  90  7:13  Stalker x3  
  90  7:15  Stalker  
  99  7:17  Probe  
  99  7:18  Probe  
  101  7:23  Probe  
  102  7:32  Probe  
  102  7:33  Probe  
  104  7:37  Dark Templar  
  104  7:38  Dark Templar  
  104  7:41  Stalker x2  
  112  7:47  Gateway  
  112  7:50  Gateway  
  112  7:51  Probe x3  
  115  8:05  Gateway  
  115  8:10  Gateway  
  115  8:16  Pylon  
  115  8:19  Stalker x2  
  117  8:21  Pylon  
  117  8:23  Nexus, Pylon  
  117  8:31  Pylon  
  117  8:36  Stalker x2  
  121  8:42  Pylon  
  121  8:44  Stalker x3  
  121  8:45  Stalker  
  121  8:48  Observer  
  130  8:53  Pylon  
  129  9:00  Stalker x3  
  123  9:05  Observer  
  111  9:11  Protoss Ground Weapons Level 2 (Chrono Boost)  
  111  9:14  Stalker x5  
  117  9:19  Probe x3  
  121  9:24  Observer  
  121  9:28  Photon Cannon  
  121  9:31  Probe x2  
  124  9:40  Photon Cannon  
  124  9:41  Charge (Chrono Boost)  
  124  9:42  Shield Battery  
  125  9:47  Zealot x3, Stalker x3  
  135  10:06  Gateway  
  135  10:07  Gateway  
  135  10:10  Gateway  
  133  10:17  Stalker x5  
  139  10:27  Stalker x2  
  142  10:30  Warp Prism (Chrono Boost)  
  144  10:37  Nexus  
  144  10:41  Zealot x6  
  156  10:52  Probe  
  156  10:55  Photon Cannon  
  156  10:56  Pylon  
  157  10:59  Photon Cannon  
  157  11:00  Zealot x3  
  163  11:05  Zealot x4  
  163  11:08  Zealot x2  
  175  11:14  Zealot x2  
  179  11:19  Robotics Bay  
  163  11:34  Probe x2  
  163  11:36  Dark Templar x3  
  163  11:37  Zealot x2  
  163  11:38  Zealot x6  
  187  11:46  Probe  
  188  11:50  Unknown  
  182  12:03  Zealot x8  
  182  12:05  Probe  
  182  12:07  Disruptor (Chrono Boost)  
  197  12:14  Shadow Stride (Chrono Boost)  
  196  12:23  Zealot x2  
  196  12:29  Photon Cannon  
  200  12:30  Assimilator  
  200  12:31  Assimilator  
  200  12:32  Photon Cannon  
  200  12:35  Robotics Facility  
  186  13:05  Zealot x2  
  186  13:06  Zealot x7  
  186  13:08  Disruptor (Chrono Boost)  
  173  13:25  Probe  
  173  13:26  Dark Templar x2, Probe  
  173  13:27  Dark Templar x5  
  173  13:28  Zealot x4  
  173  13:33  Probe x3  
  173  13:57  Nexus, Photon Cannon  
  176  14:02  Photon Cannon  
Tags
 
Add a new tag
Caveats
  • Supply blocks, unpowered buildings, or Contaminate may cause inaccurate times.
  • Supply counts are checked every 10 seconds.